 Dungeon Crawl Stone Soup version 0.30-a0-242-g7bf8e6d787 (webtiles) character file.

Game seed: 14851648595441332004

2850 purpskrrrp the Destroyer (level 9, -8/62 HPs)
             Began as a Demigod Conjurer on Oct 11, 2022.
             Mangled by an orc warrior
             ... wielding a +0 glaive
              (18 damage)
             ... on level 7 of the Dungeon.
             The game lasted 00:24:46 (6896 turns).

purpskrrrp the Destroyer (Demigod Conjurer)         Turns: 6896, Time: 00:24:48

Health: -8/62      AC:  7    Str:  8    XL:     9   Next: 22%
Magic:  15/31      EV: 12    Int: 32    God:
Gold:   294        SH:  0    Dex: 12    Spells: 15/21 levels left

rFire   . . .      SeeInvis .    e - +4 quarterstaff (chaos)
rCold   . . .      Faith    .    (shield currently unavailable)
rNeg    . . .      Spirit   .    a - +0 robe
rPois   .          Reflect  .    G - +0 hat
rElec   .          Harm     .    k - +2 cloak
rCorr   .          Rampage  .    (no gloves)
Will    .....                    r - +1 pair of boots
Stlth   ++........               h - amulet of regeneration
HPRegen 1.10/turn                w - ring of magical power
MPRegen 0.22/turn                (no ring)

@: no status effects
A: high MP 1, forlorn, divine attributes
a: no special abilities


You were on level 7 of the Dungeon.
You visited 1 branch of the dungeon, and saw 7 of its levels.

You collected 294 gold pieces.

Inventory:

Hand Weapons
 c - a +0 dagger
 e - a +4 quarterstaff of chaos (weapon)
 y - a +2 hammer of holy wrath
Armour
 a - a +0 robe (worn)
 k - a +2 cloak (worn)
 n - a +2 cloak
 r - a +1 pair of boots (worn)
 G - a +0 hat (worn)
Jewellery
 h - an amulet of regeneration (around neck)
 l - a ring of protection from fire
 w - a ring of magical power (left hand)
Wands
 q - a wand of quicksilver (11)
 x - a wand of paralysis (5)
 A - a wand of iceblast (3)
Scrolls
 g - 4 scrolls of magic mapping
 i - 3 scrolls of teleportation
 m - a scroll of summoning
 z - 2 scrolls of blinking
 C - a scroll of identify
 D - a scroll of noise {unknown}
 F - a scroll of poison {unknown}
Potions
 b - 2 potions of magic
 d - a potion of attraction
 f - a potion of resistance
 j - 3 potions of curing
 o - a potion of flight {unknown}
 p - 2 potions of lignification
 s - 2 potions of haste
 t - a potion of degeneration {unknown}
 u - a potion of might
 v - a potion of invisibility {unknown}
 B - a potion of ambrosia {unknown}
 E - a potion of heal wounds {unknown}


   Skills:
 - Level 1.7 Dodging
 - Level 1.7 Stealth
 + Level 6.5 Spellcasting
 * Level 10.5 Conjurations


You had 15 spell levels left.
You knew the following spells:

 Your Spells              Type           Power      Damage    Failure   Level
a - Magic Dart            Conj           100%       1d8       1%          1
b - Searing Ray           Conj           100%       2d8       1%          2
c - Dazzling Flash        Conj/Hex       88%        N/A       1%          3

Your spell library contained the following spells:

 Spells                   Type           Power      Damage    Failure   Level
 Fulminant Prism          Conj/Hex       22%        3d13      4%          4
 Iskenderun's Mystic Bla  Conj/Tloc      44%        2d10      4%          4
 Tukima's Dance           Hex            10%        N/A       13%         3
 Passage of Golubria      Tloc           10%        N/A       41%         4
 Yara's Violent Unravell  Hex/Tmut       5%         3d4       77%         5


Dungeon Overview and Level Annotations

Branches:
Dungeon (7/15)             Temple (0/1) D:4


Innate Abilities, Weirdness & Mutations

You have an increased reservoir of magic. (+10% MP)
You shall have no god before yourself.
Your divine heritage dramatically boosts your attributes as you level up.


Message History

The orc warrior hits you from afar with a +0 glaive.
The searing ray hits the orc warrior!
The orc warrior is severely wounded.
You finish channelling your searing ray.
The orc warrior barely misses you.
Casting: Searing Ray (safe; 1% risk of failure)
Confirm with . or Enter, or press ? or * to list all spells.
Casting: Dazzling Flash (safe; 1% risk of failure)
Press: ? - help, Dir - look around, f - activate Look: an orc warrior, wielding a +0 glaive and wearing a +0 plate armour (severely wounded, chance to dazzle: 74%)
The orc warrior closely misses you.
Casting: Dazzling Flash (safe; 1% risk of failure)
Confirm with . or Enter, or press ? or * to list all spells.
Casting: Dazzling Flash (safe; 1% risk of failure)
Press: ? - help, Dir - look around, f - activate The orc warrior barely misses you.
Casting: Dazzling Flash (safe; 1% risk of failure)
Confirm with . or Enter, or press ? or * to list all spells.
Casting: Dazzling Flash (safe; 1% risk of failure)
Press: ? - help, Dir - look around, f - activate The orc warrior closely misses you.
Found an escape hatch in the ceiling.
The orc warrior hits you with a +0 glaive!
You see here a +0 leather armour.
You hit the orc warrior.
The orc warrior is poisoned.
The orc warrior is severely wounded.
The orc warrior closely misses you.
You barely miss the orc warrior.
The orc warrior is severely wounded.
The orc warrior hits you with a +0 glaive.
You barely miss the orc warrior.
The orc warrior is severely wounded.
The orc warrior closely misses you.
You hit the orc warrior but do no damage.
The orc warrior easily resists.
The orc warrior is severely wounded.
The orc warrior hits you with a +0 glaive!!
* * * LOW HITPOINT WARNING * * *
The orc warrior hits you with a +0 glaive!!
You die...

#.#<#.## ##.....
#.#.#....###...# #.#.#
##........ #.#.###
##..... ##..#...#
##..... .# #..
###.####......
....###>###.............
#.<..!..#.#..####.....
#####@#....#.####.....
#o##.#............
#)##.####.##.#####
.)...# .##. #.#### ..##
#.# #.# ..# .. .<# #.#
.F


You could see an orc warrior (very poisoned).

Vanquished Creatures
  Sigmund (D:5)
  Eustachio (D:5)
  A steam dragon (D:7)
  3 water moccasins
  Duvessa (D:4)
  3 black bears
  An orc warrior (D:6)
  3 ogres
  A centaur (D:7)
  A phantom (D:3)
  2 necrophages
  A gnoll sergeant (D:5)
  2 bullfrogs (D:7)
  A scorpion (D:4)
  Dowan (D:4)
  2 gnoll boudas (D:6)
  A quasit (D:6)
  An orc priest (D:6)
  2 hounds (D:5)
  A jelly (D:4)
  Crazy Yiuf (D:2)
  Terence (D:3)
  An iguana (D:4)
  3 orc wizards
  19 gnolls
  9 adders
  4 shadow imps (D:6)
  A white imp (D:6)
  3 ufetubi
  3 worms
  2 dart slugs
  23 orcs
  3 bats
  8 endoplasms
  A giant cockroach (D:5)
  3 hobgoblins (D:3)
  3 jackals (D:3)
  9 kobolds
  A quokka (D:4)
  6 ball pythons
  3 frilled lizards
  14 goblins
  9 rats
160 creatures vanquished.

Vanquished Creatures (others)
  5 demonic plants (D:6)
  A plant (D:2)
6 creatures vanquished.

Grand Total: 166 creatures vanquished

Notes
Turn   | Place    | Note
-------+----------+-------------------------------------------
     0 | D:1      | purpskrrrp the Demigod Conjurer began the quest for the
                  | Orb.
     0 | D:1      | Reached XP level 1. HP: 14/14 MP: 5/5
   244 | D:1      | Reached skill level 4 in Conjurations
   244 | D:1      | Reached XP level 2. HP: 20/20 MP: 1/7
   812 | D:2      | Reached XP level 3. HP: 26/26 MP: 1/9
  1437 | D:2      | Found a runed translucent door.
  1438 | D:2      | Noticed Crazy Yiuf
  1953 | D:3      | Reached XP level 4. HP: 31/33 MP: 5/10
  2261 | D:3      | Noticed Terence
  2274 | D:3      | Killed Terence
  2275 | D:3      | Reached skill level 5 in Conjurations
  2511 | D:3      | Noticed a phantom
  2520 | D:3      | Killed a phantom
  2521 | D:3      | Reached XP level 5. HP: 24/38 MP: 12/12
  2979 | D:2      | Killed Crazy Yiuf
  3221 | D:4      | Learned a level 2 spell: Searing Ray
  3420 | D:4      | Found a staircase to the Ecumenical Temple.
  3439 | D:4      | Reached skill level 6 in Conjurations
  3439 | D:4      | Reached XP level 6. HP: 40/45 MP: 14/14
  3487 | D:4      | Noticed Duvessa
  3492 | D:4      | Noticed Dowan
  3494 | D:4      | Killed Duvessa
  3522 | D:4      | Killed Dowan
  3877 | D:4      | You fall into a shaft and drop 1 floor!
  3877 | D:5      | Entered Level 5 of the Dungeon
  3905 | D:5      | Reached XP level 7. HP: 50/50 MP: 15/16
  3984 | D:5      | Noticed Eustachio
  3992 | D:5      | Killed Eustachio
  3993 | D:5      | Reached skill level 7 in Conjurations
  4470 | D:5      | Noticed Sigmund
  4605 | D:5      | Reached skill level 8 in Conjurations
  4754 | D:5      | Killed Sigmund
  4755 | D:5      | Reached skill level 5 in Spellcasting
  4755 | D:5      | Reached XP level 8. HP: 57/57 MP: 19/19
  5360 | D:6      | Learned a level 3 spell: Dazzling Flash
  5440 | D:6      | Reached skill level 9 in Conjurations
  6529 | D:7      | Reached skill level 10 in Conjurations
  6529 | D:7      | Reached XP level 9. HP: 62/62 MP: 22/22
  6896 | D:7      | Mangled by an orc warrior

Illustrated notes

Levels and vault maps discovered:
D:1:      amcnicky_arrival_choice, layout_rooms
D:2:      layout_rooms, guppyfry_early_lair_pool, uniq_crazy_yiuf_cottage
D:3:      layout_basic, uniq_terence
D:4:      layout_rooms, kennysheep_mini, minmay_temple_entry_antechambers,
          corexii_shack, minmay_misc_feat_diagonals, uniq_duvessa
D:5:      layout_loops_ring, nicolae_ru_great_annihilating_truth, st_stairs_3,
          uniq_sigmund, uniq_eustachio
D:6:      layout_loops_ring, mainiacjoe_overflow_24_doors, serial_demonic,
          serial_demonic_g, serial_demonic_f, serial_demonic_d,
          serial_demonic_e, serial_demonic_d, corexii_item_surrounded_by_moat
D:7:      layout_rooms

Skill      XL: |  1  2  3  4  5  6  7  8 |
---------------+-------------------------+-----
Spellcasting   | 2 3 4 5 6 |  6.5
Conjurations   | 4 5 6 8 10 | 10.5
Dodging        | |  1.7
Stealth        | |  1.7

Action                   |  1- 3 |  4- 6 |  7- 9 || total
-------------------------+-------+-------+-------++-------
Melee: Unarmed           |    27 |       |       ||    27
       Quarterstaff      |       |     4 |     4 ||     8
 Cast: Magic Dart        |    96 |   124 |   214 ||   434
       Searing Ray       |       |     6 |    21 ||    27
       Dazzling Flash    |       |       |     3 ||     3
  Use: Scroll            |       |     9 |     4 ||    13
Armor: Robe              |     5 |    11 |    23 ||    39
Dodge: Dodged            |    24 |    31 |    49 ||   104

Table legend: (Time is in decaauts)
 A = Elapsed time spent in this place.
 B = Non-inter-level travel time spent in this place.
 C = Inter-level travel time spent in this place.
 D = Time resting spent in this place.
 E = Time spent auto-exploring this place.
 F = Levels seen in this place.
 G = Mean time per level.
                   A        B        C        D        E       F      G
               +--------+--------+--------+--------+--------+-----+--------+
         Total |   6900 |   6506 |    394 |    985 |   4444 |   7 |  985.7 |
       Dungeon |   6900 |   6506 |    394 |    985 |   4444 |   7 |  985.7 |
               +--------+--------+--------+--------+--------+-----+--------+

Top non-repeatable levels by time:
     D:3: 1466 daAuts
     D:6: 1221 daAuts
     D:2: 1127 daAuts
     D:5: 1102 daAuts
     D:4: 981 daAuts
     D:1: 624 daAuts
     D:7: 376 daAuts
